NWL (28 & UNDER)
CASPER GHOSTS @ BISMARCK BARONS
08/31/2030
 
TOP OF THE 1ST
Casper Ghosts batting - Pitching for Bismarck Barons : RHP Ángel Gil
Pitching: RHP Ángel Gil
Batting: SHB Esteban Aliaga 0-0: Ball
1-0: Ball
2-0: Ground out 1-3 (Groundball, 13S)
Batting: LHB Luis Rodríguez 0-0: Called Strike
0-1: Foul Ball, location: 2F
0-2: Foul Ball, location: 2F
0-2: Ball
1-2: Fly out, F7 (Flyball, 7D)
Batting: LHB Ralph Cobb 0-0: Ball
1-0: Ball
2-0: Ball
3-0: Called Strike
3-1: Swinging Strike
3-2: Ground out 5-3 (Groundball, 56)
Top of the 1st over - 0 runs, 0 hits, 0 errors, 0 left on base; Casper 0 - Bismarck 0
BOTTOM OF THE 1ST
Bismarck Barons batting - Pitching for Casper Ghosts : RHP Manny Campos
Pitching: RHP Manny Campos
Batting: LHB Orlando Hernández 0-0: Called Strike
0-1: Ball
1-1: Ball
2-1: Called Strike
2-2: Ball
3-2: Foul Ball, location: 2F
3-2: Base on Balls
Batting: RHB Juan Martínez 0-0: Called Strike
Orlando Hernández is caught stealing 2nd base
0-1: Ball
1-1: Ball
2-1: Swinging Strike
2-2: Foul Ball, location: 2F
2-2: Strikes out swinging
Batting: LHB Paul Lee 0-0: Ball
1-0: Called Strike
1-1: Ball
2-1: Ground out U3 (Groundball, 34)
Bottom of the 1st over - 0 runs, 0 hits, 0 errors, 0 left on base; Casper 0 - Bismarck 0
TOP OF THE 2ND
Casper Ghosts batting - Pitching for Bismarck Barons : RHP Ángel Gil
Batting: RHB Jerry Browning 0-0: Ball
1-0: Foul Ball, location: 2F
1-1: SINGLE (Flyball, 89S)
Batting: LHB George Flanagan 0-0: Ball
1-0: Swinging Strike
1-1: Called Strike
1-2: DOUBLE (Line Drive, 9LS)
Jerry Browning to third
Batting: SHB Jacob Wilcox 0-0: Called Strike
0-1: Swinging Strike
0-2: Strikes out swinging
Batting: RHB Zhong-xian Pai 0-0: SINGLE (Groundball, 4MD)
Jerry Browning scores
George Flanagan to third
Runner from 3rd tries for Home, SAFE, throw made home
Zhong-xian Pai to second
Batting: RHB Troy Reed 0-0: Ball
1-0: Swinging Strike
1-1: Ball
2-1: Foul Ball, location: 2F
2-2: Strikes out swinging
Batting: RHB Robert Acosta 0-0: Called Strike
0-1: Ball
1-1: Ball
2-1: Called Strike
2-2: Ball
3-2: Ground out 6-3 (Groundball, 56)
Top of the 2nd over - 2 runs, 3 hits, 0 errors, 1 left on base; Casper 2 - Bismarck 0
BOTTOM OF THE 2ND
Bismarck Barons batting - Pitching for Casper Ghosts : RHP Manny Campos
Batting: RHB Luis Cherena 0-0: Ball
1-0: SINGLE (Line Drive, 6MD)
Batting: RHB Carlos García 0-0: Ball
1-0: DOUBLE (Line Drive, 9LM)
Luis Cherena to third
Batting: RHB Vincente Ramírez 0-0: Ball
1-0: Ball
2-0: Ground out 3-1 (Groundball, 34S)
Luis Cherena scores
Carlos García to third
Batting: RHB Jason Smith 0-0: Ball
1-0: Called Strike
1-1: Ball
2-1: SINGLE (Groundball, 56D)
Carlos García scores
Batting: RHB Chet White 0-0: Ball
1-0: Ball
2-0: Ball
3-0: Called Strike
3-1: Foul Ball, location: 2F
3-2: Foul Ball, location: 2F
3-2: Base on Balls
Jason Smith to second
Batting: RHB Pedro García 0-0: Fly out, F5 (Line Drive, 5S)
Batting: LHB Orlando Hernández 0-0: Called Strike
0-1: Ball
1-1: Ball
2-1: Foul Ball, location: 2F
2-2: Ball
3-2: Foul Ball, location: 2F
3-2: Foul Ball, location: 2F
3-2: Foul Ball, location: 2F
3-2: Base on Balls
Jason Smith to third
Chet White to second
Batting: RHB Juan Martínez 0-0: Foul Ball, location: 2F
0-1: Ball
1-1: Ball
2-1: Foul Ball, location: 2F
2-2: Ball
3-2: Base on Balls
Jason Smith scores
Chet White to third
Orlando Hernández to second
Batting: LHB Paul Lee 0-0: Ball
1-0: Called Strike
1-1: Ball
2-1: Called Strike
2-2: Strikes out swinging
Bottom of the 2nd over - 3 runs, 3 hits, 0 errors, 3 left on base; Casper 2 - Bismarck 3
TOP OF THE 3RD
Casper Ghosts batting - Pitching for Bismarck Barons : RHP Ángel Gil
Batting: SHB Esteban Aliaga 0-0: Ball
1-0: Foul Ball, location: 2F
1-1: Foul Ball, location: 2F
1-2: SINGLE (Line Drive, 9LS)
Batting: LHB Luis Rodríguez 0-0: Ball
Esteban Aliaga steals 2nd base
1-0: Called Strike
1-1: Ball
2-1: Ball
3-1: Base on Balls
Batting: LHB Ralph Cobb 0-0: Called Strike
0-1: Ground out 6-3 (Groundball, 56D)
Esteban Aliaga to third
Luis Rodríguez to second
Batting: RHB Jerry Browning 0-0: Ball
1-0: Foul Ball, location: 2F
1-1: Fly out, F8 (Flyball, 8RM)
Runner from 3rd tags up, SCORES, no throw
Batting: LHB George Flanagan 0-0: Called Strike
0-1: Ball
Wild Pitch!
Luis Rodríguez to third
1-1: Ball
2-1: Ball
3-1: Foul Ball, location: 2F
3-2: Foul Ball, location: 2F
3-2: Base on Balls
Batting: SHB Jacob Wilcox 0-0: Called Strike
0-1: Ball
1-1: Foul Ball, location: 2F
1-2: Ball
2-2: Ball
3-2: Base on Balls
George Flanagan to second
Batting: RHB Zhong-xian Pai 0-0: Ball
1-0: Fly out, F5 (Line Drive, 5L)
Top of the 3rd over - 1 run, 1 hit, 0 errors, 3 left on base; Casper 3 - Bismarck 3
BOTTOM OF THE 3RD
Bismarck Barons batting - Pitching for Casper Ghosts : RHP Manny Campos
Batting: RHB Luis Cherena 0-0: DOUBLE (Line Drive, 7LS)
Batting: RHB Carlos García 0-0: Ball
1-0: Called Strike
1-1: Ball
2-1: Foul Ball, location: 2F
2-2: Ground out U3 (Groundball, 34)
Luis Cherena to third
Batting: RHB Vincente Ramírez 0-0: Swinging Strike
0-1: Ball
1-1: Foul Ball, location: 2F
1-2: Strikes out looking
Batting: RHB Jason Smith 0-0: Ball
1-0: SINGLE (Groundball, 56D)
Luis Cherena scores
Batting: RHB Chet White 0-0: Called Strike
0-1: Foul Ball, location: 2F
0-2: Ball
1-2: Fly out, F8 (Flyball, 8LS)
Bottom of the 3rd over - 1 run, 2 hits, 0 errors, 1 left on base; Casper 3 - Bismarck 4
TOP OF THE 4TH
Casper Ghosts batting - Pitching for Bismarck Barons : RHP Ángel Gil
Batting: RHB Troy Reed 0-0: Called Strike
0-1: Ball
1-1: Foul Ball, location: 2F
1-2: DOUBLE (Line Drive, 9LM)
Batting: RHB Robert Acosta 0-0: Swinging Strike
0-1: Fly out, F8 (Flyball, 8LM)
Batting: SHB Esteban Aliaga 0-0: Called Strike
Troy Reed steals 3rd base
0-1: Ball
1-1: Ball
2-1: SINGLE (Groundball, 34D)
Troy Reed scores
Batting: LHB Luis Rodríguez 0-0: Ball
1-0: Foul Ball, location: 2F
1-1: Called Strike
1-2: Ball
2-2: Foul Ball, location: 2F
2-2: SINGLE (Groundball, 3D)
Esteban Aliaga to second
Runner from 2nd tries for 3rd, SAFE, no throw
Batting: LHB Ralph Cobb 0-0: Ball
1-0: Foul Ball, location: 2F
1-1: Ball
2-1: Foul Ball, location: 2F
2-2: Foul Ball, location: 2F
2-2: Foul Ball, location: 2F
2-2: Fielders Choice at 2nd, 4-6 (Groundball, 4)
Esteban Aliaga scores
Batting: RHB Jerry Browning 0-0: Ball
Ralph Cobb steals 2nd base
1-0: Ball
2-0: Called Strike
2-1: SINGLE (Groundball, 34D)
Ralph Cobb to third
Runner from 3rd tries for Home, SAFE, no throw
Pitching: RHP Jorge Ruíz
Batting: LHB George Flanagan 0-0: Called Strike
0-1: Fly out, F9 (Flyball, 89M)
Top of the 4th over - 3 runs, 4 hits, 0 errors, 1 left on base; Casper 6 - Bismarck 4
BOTTOM OF THE 4TH
Bismarck Barons batting - Pitching for Casper Ghosts : RHP Manny Campos
Batting: RHB Pedro García 0-0: Fly out, F9 (Flyball, 89S)
Batting: LHB Orlando Hernández 0-0: Called Strike
0-1: Ground out 6-3 (Groundball, 6)
Batting: RHB Juan Martínez 0-0: Ball
1-0: Ball
2-0: Ball
3-0: Base on Balls
Batting: LHB Paul Lee 0-0: DOUBLE (Line Drive, 7LS)
Juan Martínez to third
Runner from 3rd tries for Home, SAFE, no throw
Batting: RHB Luis Cherena 0-0: DOUBLE (Line Drive, 8LXD)
Paul Lee scores
Batting: RHB Carlos García 0-0: Called Strike
0-1: Ball
1-1: Ball
2-1: Ball
3-1: Called Strike
3-2: Fly out, F6 (Line Drive, 6)
Bottom of the 4th over - 2 runs, 2 hits, 0 errors, 1 left on base; Casper 6 - Bismarck 6
TOP OF THE 5TH
Casper Ghosts batting - Pitching for Bismarck Barons : RHP Jorge Ruíz
Batting: SHB Jacob Wilcox 0-0: Ball
1-0: Called Strike
1-1: Ball
2-1: Ball
3-1: Base on Balls
Batting: RHB Zhong-xian Pai 0-0: Swinging Strike
0-1: Ball
1-1: Foul Ball, location: 2F
1-2: Ball
2-2: Strikes out swinging
Batting: RHB Troy Reed 0-0: Ball
1-0: Called Strike
1-1: Ball
2-1: Foul Ball, location: 2F
2-2: Strikes out swinging
Batting: RHB Robert Acosta 0-0: Ball
1-0: Called Strike
1-1: Swinging Strike
1-2: Fly out, F6 (Popup, 6M)
Top of the 5th over - 0 runs, 0 hits, 0 errors, 1 left on base; Casper 6 - Bismarck 6
BOTTOM OF THE 5TH
Bismarck Barons batting - Pitching for Casper Ghosts : RHP Manny Campos
Pitching: RHP Michael Peterson
Batting: RHB Vincente Ramírez 0-0: Ball
1-0: Foul Ball, location: 2F
1-1: Ground out 6-3 (Groundball, 56)
Batting: RHB Jason Smith 0-0: SINGLE (Line Drive, 9S)
Batting: RHB Chet White 0-0: Ball
1-0: Ball
2-0: Foul Ball, location: 2F
2-1: Fly out, F8 (Line Drive, 8RM)
Batting: RHB Pedro García 0-0: Called Strike
Jason Smith steals 2nd base
0-1: Ground out 3-1 (Groundball, 34)
Bottom of the 5th over - 0 runs, 1 hit, 0 errors, 1 left on base; Casper 6 - Bismarck 6
TOP OF THE 6TH
Casper Ghosts batting - Pitching for Bismarck Barons : RHP Jorge Ruíz
Batting: SHB Esteban Aliaga 0-0: Called Strike
0-1: Ball
1-1: Foul Ball, location: 2F
1-2: Ball
2-2: Ball
3-2: Fly out, F9 (Flyball, 89M)
Batting: LHB Luis Rodríguez 0-0: Ball
1-0: Ball
2-0: Called Strike
2-1: Ball
3-1: Base on Balls
Batting: LHB Ralph Cobb 0-0: Called Strike
0-1: Ball
1-1: Called Strike
1-2: Ball
2-2: SINGLE (Line Drive, 78S)
Luis Rodríguez to second
Batting: RHB Jerry Browning 0-0: Called Strike
0-1: Grounds into double play, 1-6-3 (Groundball, 13S)
Top of the 6th over - 0 runs, 1 hit, 0 errors, 1 left on base; Casper 6 - Bismarck 6
BOTTOM OF THE 6TH
Bismarck Barons batting - Pitching for Casper Ghosts : RHP Michael Peterson
Batting: LHB Orlando Hernández 0-0: Called Strike
0-1: Foul Ball, location: 2F
0-2: Fly out, F8 (Flyball, 8LD)
Batting: RHB Juan Martínez 0-0: Ball
1-0: Called Strike
1-1: Swinging Strike
1-2: Strikes out swinging
Batting: LHB Paul Lee 0-0: Ball
1-0: Called Strike
1-1: Ball
2-1: Ball
3-1: Foul Ball, location: 2F
3-2: Fly out, F4 (Popup, 4)
Bottom of the 6th over - 0 runs, 0 hits, 0 errors, 0 left on base; Casper 6 - Bismarck 6
TOP OF THE 7TH
Casper Ghosts batting - Pitching for Bismarck Barons : RHP Jorge Ruíz
Batting: LHB George Flanagan 0-0: Ball
1-0: Ball
2-0: Ball
3-0: Base on Balls
Batting: SHB Jacob Wilcox 0-0: Called Strike
0-1: Ball
1-1: Ball
George Flanagan steals 2nd base
2-1: Intentional Walk
Batting: RHB Zhong-xian Pai 0-0: Sac Bunt - play at first, batter OUT! 1-4
George Flanagan to third
Jacob Wilcox to second
Batting: RHB Troy Reed 0-0: Called Strike
0-1: Foul Ball, location: 2F
0-2: Ball
1-2: Foul Ball, location: 2F
1-2: SINGLE (Groundball, 56D)
George Flanagan scores
Jacob Wilcox to third
Runner from 3rd tries for Home, SAFE, no throw
Pitching: RHP Rafael Souza
Batting: RHB Robert Acosta 0-0: Called Strike
0-1: Called Strike
0-2: Foul Ball, location: 2F
0-2: Fly out, F7 (Line Drive, 7)
Batting: SHB Esteban Aliaga 0-0: Called Strike
0-1: Ground out 1-3 (Groundball, P)
Top of the 7th over - 2 runs, 1 hit, 0 errors, 1 left on base; Casper 8 - Bismarck 6
BOTTOM OF THE 7TH
Bismarck Barons batting - Pitching for Casper Ghosts : RHP Michael Peterson
Batting: RHB Luis Cherena 0-0: Hit by Pitch
Batting: RHB Carlos García 0-0: SINGLE (Groundball, 6MD)
Luis Cherena to second
Pinch Hitting: LHB Ralph Jackson 0-0: Bunted foul
0-1: Bunted foul
0-2: Fly out, F9 (Flyball, 89M)
Pinch Hitting: RHB Eric Black 0-0: Called Strike
0-1: Swinging Strike
0-2: Ball
1-2: Ball
2-2: 3-RUN HOME RUN (Flyball, 7LD), Distance : 314 ft
Pitching: LHP Gregory Thompson
Batting: RHB Chet White 0-0: Ball
1-0: Foul Ball, location: 2F
1-1: Called Strike
1-2: Fly out, F7 (Flyball, 78S)
Batting: RHB Pedro García 0-0: Ball
1-0: Ball
2-0: Foul Ball, location: 2F
2-1: Foul Ball, location: 2F
2-2: Ground out U3 (Groundball, 3)
Bottom of the 7th over - 3 runs, 2 hits, 0 errors, 0 left on base; Casper 8 - Bismarck 9
TOP OF THE 8TH
Casper Ghosts batting - Pitching for Bismarck Barons : RHP Rafael Souza
Now at 3B: Eric Black
Now in LF: Ralph Jackson
Batting: LHB Luis Rodríguez 0-0: Foul Ball, location: 2F
0-1: Ball
1-1: Ground out 4-3 (Groundball, 34S)
Batting: LHB Ralph Cobb 0-0: Ball
1-0: Ball
2-0: Foul Ball, location: 2F
2-1: DOUBLE (Line Drive, 78XD)
Batting: RHB Jerry Browning 0-0: Foul Ball, location: 2F
0-1: Called Strike
0-2: Foul Ball, location: 2F
0-2: Strikes out looking
Batting: LHB George Flanagan 0-0: Fly out, F6 (Popup, 6MD)
Top of the 8th over - 0 runs, 1 hit, 0 errors, 1 left on base; Casper 8 - Bismarck 9
BOTTOM OF THE 8TH
Bismarck Barons batting - Pitching for Casper Ghosts : LHP Gregory Thompson
Batting: LHB Orlando Hernández 0-0: SINGLE (Line Drive, 6MD)
Batting: RHB Juan Martínez 0-0: Ball
1-0: Ball
2-0: Called Strike
2-1: Ball
3-1: Foul Ball, location: 2F
3-2: Hit by Pitch
Orlando Hernández to second
Batting: LHB Paul Lee 0-0: Ball
1-0: Foul Ball, location: 2F
1-1: Ball
2-1: Called Strike
2-2: Fly out, F9 (Flyball, 89M)
Batting: RHB Luis Cherena 0-0: Called Strike
0-1: Foul Ball, location: 2F
0-2: Strikes out swinging
Batting: RHB Carlos García 0-0: Ball
1-0: Ball
2-0: Ball
3-0: Called Strike
3-1: DOUBLE (Groundball, 5L)
Orlando Hernández scores
Juan Martínez to third
Runner from 3rd tries for Home, SAFE, no throw
Pitching: RHP Willie Alexander
Batting: LHB Ralph Jackson 0-0: Hit by Pitch
Batting: RHB Eric Black 0-0: Foul Ball, location: 2F
0-1: Ball
1-1: Ball
2-1: Ball
3-1: Foul Ball, location: 2F
3-2: SINGLE (Groundball, 56D)
Carlos García to third
Ralph Jackson to second
Carlos García scores
Ralph Jackson to third
Batting: RHB Chet White 0-0: Called Strike
0-1: Ball
1-1: Ball
2-1: Foul Ball, location: 2F
2-2: Foul Ball, location: 2F
2-2: Ball
3-2: Foul Ball, location: 2F
3-2: Base on Balls
Eric Black to second
Batting: RHB Pedro García 0-0: Ball
1-0: Swinging Strike
1-1: Fly out, F2 (Popup, 3SF)
Bottom of the 8th over - 3 runs, 3 hits, 0 errors, 3 left on base; Casper 8 - Bismarck 12
TOP OF THE 9TH
Casper Ghosts batting - Pitching for Bismarck Barons : RHP Rafael Souza
Batting: SHB Jacob Wilcox 0-0: Ball
1-0: Ball
2-0: Ball
3-0: Base on Balls
Batting: RHB Zhong-xian Pai 0-0: Swinging Strike
0-1: Ball
1-1: Foul Ball, location: 2F
1-2: Strikes out swinging
Batting: RHB Troy Reed 0-0: Ball
1-0: Called Strike
1-1: Ball
2-1: Swinging Strike
2-2: Ball
3-2: Base on Balls
Jacob Wilcox to second
Pitching: LHP Adrian Bryant
Batting: RHB Robert Acosta 0-0: Called Strike
0-1: Ball
1-1: Swinging Strike
1-2: Strikes out swinging
Batting: SHB Esteban Aliaga 0-0: Swinging Strike
0-1: Ball
1-1: Called Strike
1-2: Foul Ball, location: 2F
1-2: Fielders Choice at 2nd, 5-4 (Groundball, 56)
Top of the 9th over - 0 runs, 0 hits, 0 errors, 2 left on base; Casper 8 - Bismarck 12
Saturday, April 7th, 2018 - OOTP Baseball 18.8 Build 76